 Dungeon Crawl Stone Soup version 0.29-a0-43-g62a80824bf (webtiles) character file.

Game seed: 11157108073752173058

28876 HallandMoats the Fighter (level 13, 0/87 HPs)
             Began as a Gargoyle Fighter on Feb 2, 2022.
             Was a High Priest of Nemelex Xobeh.
             Shot with an arrow by a centaur warrior (20 damage)
             ... on level 13 of the Dungeon.
             The game lasted 00:21:30 (12032 turns).

HallandMoats the Fighter (Gargoyle Fighter)        Turns: 12032, Time: 00:21:32

Health: 0/87       AC: 21    Str: 23    XL:     13   Next: 41%
Magic:  22/22      EV: 17    Int:  9    God:    Nemelex Xobeh [*****.]
Gold:   952        SH:  0    Dex: 11    Spells: 12/12 levels left

rFire   + . .      SeeInvis .   b - +8 quarterstaff "Gugun" {protect, rElec rC+ rCorr}
rCold   + + .      Faith    .   (shield currently unavailable)
rNeg    + + .      Spirit   .   o - +1 ring mail of Resilience {rC+ rN+ rCorr}
rPois   ∞          Reflect  .   (no helmet)
rElec   +          Harm     .   (no cloak)
rCorr   +          Rampage  +   (no gloves)
Will    .....                   y - +2 pair of boots {rampage}
Stlth   +.........              k - amulet of regeneration
HPRegen 1.04/turn               e - +4 ring of evasion
MPRegen 0.18/turn               m - ring of protection from fire

@: studying Poison Magic
A: sickness immunity, AC +9, negative energy resistance 1, electricity
resistance, torment resistance 1, petrification resistance
a: Renounce Religion, Draw Escape, Draw Destruction, Draw Summoning, Triple
Draw, Deal Four, Stack Five


You were on level 13 of the Dungeon.
You worshipped Nemelex Xobeh.
Nemelex Xobeh was extremely pleased with you.
You visited 1 branch of the dungeon, and saw 13 of its levels.
You also visited: Bailey.

You collected 952 gold pieces.

Inventory:

Hand Weapons
 a - a +0 trident
 b - the +8 quarterstaff "Gugun" (weapon) {protect, rElec rC+ rCorr}
   (You found it on level 7 of the Dungeon)

   It grants its wielder temporary protection when it strikes (+7 to AC).
   rC:        It protects you from cold.
   rElec:     It insulates you from electricity.
   rCorr:     It protects you from acid and corrosion.
Missiles
 A - 3 throwing nets (quivered)
Armour
 d - a +1 buckler of poison resistance
 o - the +1 ring mail of Resilience (worn) {rC+ rN+ rCorr}
   (You found it on level 3 of the Dungeon)

   rC:        It protects you from cold.
   rN:        It protects you from negative energy.
   rCorr:     It protects you from acid and corrosion.
 y - a +2 pair of boots of rampaging (worn)
 D - a +0 pair of boots of flying
 K - the +18 shield of the Gong {rElec rN+ Will+ EV-5}
   (You found it on level 9 of the Dungeon)

   It is deafeningly noisy when blocking attacks.
   EV:        It affects your evasion (-5).
   rElec:     It insulates you from electricity.
   rN:        It protects you from negative energy.
   Will:      It increases your willpower.
Jewellery
 e - a +4 ring of evasion (left hand)
 g - a ring of ice
 k - an amulet of regeneration (around neck)
 m - a ring of protection from fire (right hand)
 x - an amulet of reflection
 C - an amulet of faith
 L - a ring of fire
 O - a ring of protection from fire
Wands
 z - a wand of paralysis (13)
 F - a wand of mindburst (13)
 M - a wand of digging (4)
 N - a wand of iceblast (5)
Scrolls
 h - a scroll of enchant armour
 p - 2 scrolls of fog
 q - 2 scrolls of summoning
 s - 3 scrolls of enchant weapon
 t - 2 scrolls of teleportation
 B - 2 scrolls of brand weapon
 H - a scroll of amnesia {unknown}
 I - 4 scrolls of identify
 P - a scroll of blinking {unknown}
 Q - a scroll of fear {unknown}
Potions
 c - 3 potions of might
 f - a potion of invisibility {unknown}
 i - a potion of cancellation {unknown}
 j - 2 potions of degeneration {unknown}
 l - 3 potions of lignification {unknown}
 n - 6 potions of curing
 r - 2 potions of magic
 u - a potion of brilliance {unknown}
 v - 2 potions of haste {unknown}
 w - 2 potions of berserk rage {unknown}
 E - 2 potions of heal wounds {unknown}
 G - 2 potions of flight {unknown}
 J - 2 potions of resistance {unknown}


   Skills:
 * Level 12.8 Fighting
 - Level 8.2(9.3) Polearms
 * Level 7.1(9.2) Staves
 + Level 9.4 Armour
 + Level 6.5 Dodging
 - Level 5.3 Shields
 * Level 12.3 Invocations


You had 12 spell levels left.
You didn't know any spells.
Your spell library contained the following spells:

 Spells                   Type           Power      Damage    Failure   Level
 Beastly Appendage        Tmut           0%         N/A       52%         1
 Freeze                   Ice            0%         1d3       52%         1
 Corpse Rot               Necr/Air       0%         N/A       65%         2
 Poisonous Vapours        Pois/Air       0%         N/A       65%         2
 Scorch                   Fire           0%         2d5       65%         2
 Wereblood                Tmut           0%         N/A       65%         2
 Dazzling Flash           Conj/Hex       0%         N/A       87%         3
 Frozen Ramparts          Ice            0%         1d2       87%         3
 Spider Form              Tmut/Pois      0%         N/A       87%         3
 Flame Wave               Conj/Fire      0%         2d4       99%         4
 Fulminant Prism          Conj/Hex       0%         3d6       99%         4
 Hailstorm                Conj/Ice       0%         3d3       99%         4
 Iskenderun's Mystic Bla  Conj/Tloc      0%         2d3       99%         4
 Lee's Rapid Deconstruct  Erth           0%         3d5*      100%        5
 Starburst                Conj/Fire      0%         6d3       100%        6
 Summon Cactus Giant      Summ           0%         N/A       100%        6


Dungeon Overview and Level Annotations

Branches:
Dungeon (13/15)            Temple (0/1) D:6            Lair (0/6) D:10
    Orc (0/2) D:9          Vaults (0/5) D:13         Bailey (visited)

Altars:
Ashenzari
Nemelex Xobeh
Vehumet
Beogh

Shops:
D:5 !   D:11 (


Innate Abilities, Weirdness & Mutations

You are immune to sickness and miasma.
Your stone body is resilient. (AC +9)
You are immune to poison.
You resist negative energy. (rN+)
You are resistant to electric shocks. (rElec)
You are resistant to unholy torment.
You are immune to petrification.


Message History

Your catoblepas completely misses the gargoyle.
Your polar bear bites the centaur warrior!
Your polar bear barely misses the centaur warrior.
Your polar bear claws the centaur warrior but does no damage.
What are your orders? t - Shout!
Orders for allies: a - Attack new target. r - Retreat! s - Stop attacking. g - Guard the area. f - Follow me.
Anything else - Cancel.
Gang up on whom?
Press: ? - help, Dir - move target, f - ironbound preserver
Aim: an ironbound preserver, wielding a +0 dire flail and wearing a +0 leather armour (moderately wounded) Attack!
The gargoyle hurls a stone arrow at you.
The stone arrow hits you!
* * * LOW HITPOINT WARNING * * *
The ironbound preserver hits you with a +0 dire flail!
* * * LOW HITPOINT WARNING * * *
Your catoblepas gores the gargoyle!
The centaur warrior unwields a +0 longbow.
The centaur warrior hits your catoblepas but does no damage.
The centaur warrior kicks your catoblepas but does no damage.
The gargoyle hits your wind drake with a +0 mace!
The ironbound preserver hits your wind drake with a +0 dire flail!!
Your catoblepas gores the centaur warrior!!
You hear an angry buzzing noise.
You hear a shout!
You feel better.
A centaur warrior comes into view.
The centaur warrior hits your catoblepas!
The centaur warrior kicks your catoblepas but does no damage.
Your wind drake flaps its wings at the gargoyle.
The air twists around and strikes the gargoyle.
The gargoyle hits your wind drake with a +0 mace.
The centaur warrior hits your catoblepas.
The centaur warrior kicks your catoblepas but does no damage.
The centaur warrior wields a +0 longbow.
The centaur warrior shoots an arrow.
The arrow hits you!!
You die...
Your body glows slightly and disappears.

######........ #..#....
#........ #..#...
#........ #..#.c
#........ #..'.
#........ #..' #........
####++#..#######........
............).........(.
.......@...)............
#######k.#')####........
#.....p9Y#.....#........
#.....hc.#.....#........
#.....#..#.....#....)...
#.....#..#.....#........
#∩....#..#....(#........
#######..#######....#...
.... #.....#....


You could see an ironbound preserver (ally target), 2 centaur warriors, a
gargoyle (ally target), a friendly catoblepas (summoned), a friendly wind drake
(summoned, repels missiles) and a friendly polar bear (summoned).

Vanquished Creatures
  2 hydras (D:12)
  6 two-headed ogres
  An orc knight (Bailey)
  A deep elf pyromancer (D:12)
  Pikel (D:7)
  2 cyclopes (D:13)
  3 slime creatures (D:12)
  An ugly thing (D:12)
  A manticore (D:13)
  Maurice (D:8)
  2 vault sentinels (D:9)
  2 unseen horrors (D:12)
  2 komodo dragons (D:10)
  An efreet (D:13)
  6 kobold demonologists
  A tengu conjurer (D:10)
  3 trolls
  A meliai (shapeshifter) (D:9)
  A hornet (D:11)
  Prince Ribbit (D:8)
  2 wyverns
  27 yaks
  2 vampire mosquitoes (D:13)
  A steam dragon (D:8)
  The ghost of Cecur the Magician, an amateur DsWz of Wu Jian (D:2)
  3 water moccasins
  An ice beast (D:7)
  10 orc warriors
  2 necrophages
  A sky beast (D:6)
  An ogre (D:5)
  5 centaurs
  A phantom (D:6)
  6 kobold brigands
  7 bullfrogs
  A gnoll sergeant (D:11)
  A water moccasin zombie (D:7)
  4 scorpions
  2 water moccasin skeletons (D:5)
  4 killer bees (D:9)
  11 howler monkeys
  4 electric eels (Bailey)
  A gnoll shaman (D:7)
  A jelly (D:7)
  2 centaur zombies
  4 orc priests
  A bullfrog skeleton (D:5)
  A centaur skeleton (D:6)
  A hound (D:7)
  2 iguanas
  Jessica (D:3)
  9 orc wizards
  A howler monkey zombie (D:11)
  7 adders
  19 gnolls
  2 shadow imps
  3 white imps
  2 dart slugs
  The ghost of elisander the Sneak, a weakling SpDe (D:5)
  30 orcs
  4 endoplasms
  6 giant cockroaches
  15 goblins
  16 hobgoblins
  A jackal (D:2)
  18 kobolds
  5 quokkas (D:2)
  5 ball pythons
  4 bats
  A quokka skeleton (D:4)
  4 rats
303 creatures vanquished.

Vanquished Creatures (collateral kills)
  6 slime creatures (D:11)
  A killer bee (D:9)
  An electric eel (Bailey)
  A hound (D:5)
  An orc priest (D:5)
  A jelly (D:5)
  An iguana (D:5)
  An orc wizard (D:9)
  9 orcs
  A hobgoblin (Bailey)
23 creatures vanquished.

Vanquished Creatures (others)
  4 fungi (D:10)
  6 plants (D:10)
10 creatures vanquished.

Grand Total: 336 creatures vanquished

Notes
Turn   | Place    | Note
-------+----------+-------------------------------------------
     0 | D:1      | HallandMoats the Gargoyle Fighter began the quest for the
                  | Orb.
     0 | D:1      | Reached XP level 1. HP: 14/14 MP: 1/1
   347 | D:1      | Reached XP level 2. HP: 4/19 MP: 2/2
  1076 | D:2      | Reached skill level 1 in Invocations
  1212 | D:2      | Reached XP level 3. HP: 16/23 MP: 3/3
  1847 | D:3      | Reached XP level 4. HP: 29/29 MP: 5/5
  2139 | D:3      | Noticed Jessica
  2144 | D:3      | Killed Jessica
  2265 | D:3      | Found a faded altar of an unknown god.
  2368 | D:3      | Reached XP level 5. HP: 33/33 MP: 6/6
  2392 | D:3      | Found a runed translucent door.
  2392 | D:3      | Noticed Cecur's ghost (amateur DsWz)
  2392 | D:3      | Noticed a kobold brigand
  2454 | D:3      | Prayed at the altar of an unknown god.
  2454 | D:3      | Became a worshipper of Nemelex Xobeh the Trickster
  2454 | D:3      | Reached * piety under Nemelex Xobeh
  2962 | D:2      | Killed Cecur's ghost
  2963 | D:2      | Reached skill level 1 in Dodging
  2963 | D:2      | Reached XP level 6. HP: 37/39 MP: 6/8
  3044 | D:3      | Identified the +1 ring mail of Resilience {rC+ rN+ rCorr}
  3624 | D:4      | Received a gift from Nemelex Xobeh
  4108 | D:5      | Entered Level 5 of the Dungeon
  4184 | D:5      | Reached skill level 5 in Fighting
  4184 | D:5      | Reached XP level 7. HP: 32/44 MP: 9/9
  4335 | D:5      | Reached ** piety under Nemelex Xobeh
  4462 | D:5      | Reached XP level 8. HP: 51/51 MP: 11/11
  4518 | D:5      | Found Xyamel's Distillery.
  4635 | D:5      | Found a runed translucent door.
  4635 | D:5      | Noticed elisander's ghost (weakling SpDe)
  4771 | D:5      | Killed elisander's ghost
  4857 | D:6      | Found a staircase to the Ecumenical Temple.
  4959 | D:6      | Found a radiant altar of Vehumet.
  5039 | D:6      | Reached skill level 5 in Invocations
  5241 | D:6      | Reached skill level 5 in Armour
  5246 | D:6      | Reached skill level 5 in Shields
  5294 | D:6      | Received a gift from Nemelex Xobeh
  5757 | D:7      | Reached skill level 5 in Polearms
  5792 | D:7      | Reached XP level 9. HP: 45/56 MP: 13/13
  6046 | D:7      | Identified the +8 quarterstaff "Gugun" {protect, rElec rC+
                  | rCorr}
  6057 | D:7      | Found a flagged portal.
  6093 | Bailey   | Entered a bailey
  6209 | Bailey   | Noticed a kobold demonologist
  6212 | Bailey   | Noticed an orange demon
  6218 | Bailey   | Killed a kobold demonologist
  6543 | Bailey   | Reached XP level 10. HP: 59/64 MP: 15/15
  6589 | Bailey   | Found an iron altar of Okawaru.
  6589 | Bailey   | Noticed an orc knight
  6589 | Bailey   | Noticed a kobold demonologist
  6595 | Bailey   | Noticed a sun demon
  6601 | Bailey   | Killed an orc knight
  6614 | Bailey   | Killed a kobold demonologist
  7044 | D:7      | Acquired a +2 pair of boots of rampaging
  7056 | D:7      | Reached skill level 10 in Fighting
  7056 | D:7      | Reached XP level 11. HP: 72/72 MP: 15/18
  7310 | D:7      | Received a gift from Nemelex Xobeh
  7431 | D:7      | Noticed Pikel
  7442 | D:7      | Killed Pikel
  7503 | D:7      | Reached *** piety under Nemelex Xobeh
  7703 | D:8      | Noticed Prince Ribbit
  7709 | D:8      | Killed Prince Ribbit
  7784 | D:8      | Reached skill level 1 in Staves
  7784 | D:8      | Reached skill level 5 in Dodging
  8115 | D:8      | Noticed Maurice
  8124 | D:8      | Killed Maurice
  8355 | D:9      | Reached skill level 10 in Invocations
  8367 | D:9      | Received a gift from Nemelex Xobeh
  8415 | D:9      | Noticed a two-headed ogre
  8423 | D:9      | Killed a two-headed ogre
  8625 | D:9      | Found a staircase to the Orcish Mines.
  8725 | D:9      | Reached **** piety under Nemelex Xobeh
  8771 | D:9      | Received a gift from Nemelex Xobeh
  8860 | D:9      | Reached XP level 12. HP: 80/80 MP: 19/19
  8989 | D:9      | Found the +18 shield of the Gong {rElec rN+ Will+ EV-5}
  9265 | D:10     | Entered Level 10 of the Dungeon
  9265 | D:10     | Received a gift from Nemelex Xobeh
  9285 | D:10     | Found a broken altar of Ashenzari.
  9743 | D:10     | Noticed a two-headed ogre
  9763 | D:10     | Killed a two-headed ogre
  9895 | D:10     | Found a staircase to the Lair.
  9945 | D:10     | Reached ***** piety under Nemelex Xobeh
  9988 | D:11     | Received a gift from Nemelex Xobeh
 10046 | D:11     | Noticed a sun demon
 10057 | D:11     | Reached skill level 5 in Staves
 10187 | D:11     | Noticed a two-headed ogre
 10197 | D:11     | Killed a two-headed ogre
 10385 | D:11     | Noticed a two-headed ogre
 10400 | D:11     | Killed a two-headed ogre
 10728 | D:11     | Found Zuwnoagh's Antique Weapon Shop.
 10741 | D:11     | Received a gift from Nemelex Xobeh
 10810 | D:12     | Noticed a two-headed ogre
 10818 | D:12     | Killed a two-headed ogre
 10838 | D:12     | Noticed a soul eater
 10839 | D:12     | Noticed a sun demon
 10973 | D:12     | Reached XP level 13. HP: 70/86 MP: 21/21
 11745 | D:13     | Received a gift from Nemelex Xobeh
 11902 | D:13     | Received a gift from Nemelex Xobeh
 12021 | D:13     | Found a gate to the Vaults.
 12021 | D:13     | Noticed an ironbound preserver
 12032 | D:13     | Shot with an arrow by a centaur warrior

Illustrated notes

Levels and vault maps discovered:
D:1:      co_arrival_random_square_maze, layout_loops_ring
D:2:      minmay_inner_zag, layout_basic, dk_noncrumbling_3
D:3:      layout_loops_corners, ebering_ghost_inner_flame,
          ebering_ecumenical_altar_box, serial_park_tiny_2,
          minmay_fractal_squares_diagonal_5, uniq_jessica
D:4:      nicolae_cairo_tiling_large, layout_basic
D:5:      layout_basic, ebering_ghost_sewer_d, serial_shops, shop
D:6:      layout_loops_cross, lemuel_crystal_altar,
          minmay_temple_entry_statues_pillars, minmay_manual_mares
D:7:      layout_loops_ring, enter_bailey_5, serial_park_tiny_2,
          grunt_ministairs_4, serial_bayou_pond_d, uniq_pikel
D:8:      layout_basic, uniq_maurice, uniq_prince_ribbit1
D:9:      layout_gridville, minmay_orc_entry_temple_small,
          hellmonk_guarded_unrand_gong
D:10:     layout_basic, ashenzari_conservatory_becter,
          grunt_lair_entry_orc_guard_hut
D:11:     layout_irregular_city, serial_shops, nicolae_shop_behind_doors
D:12:     layout_roguey, minivault_25, chequers_serial_rivers_large_b
D:13:     layout_cross, skrybe_vaults_entry_preservation, st_stairs_6,
          nicolae_hepliaklqana_hippocampus

Skill      XL: |  1  2  3  4  5  6  7  8  9 10 11 12 13 |
---------------+----------------------------------------+-----
Polearms       | 2 3 4 5 6 8 |  8.2
Invocations    | 1 2 3 4 5 7 9 10 11 12 | 12.3
Fighting       | 4 5 6 8 10 11 12 | 12.8
Dodging        | 1 2 3 4 5 6 |  6.5
Shields        | 4 5 |  5.3
Armour         | 4 5 6 7 8 9 |  9.4
Staves         | 3 6 7 |  7.1

Action                   |  1- 3 |  4- 6 |  7- 9 | 10-12 | 13-15 || total
-------------------------+-------+-------+-------+-------+-------++-------
Melee: Trident           |   133 |   145 |   411 |       |       ||   689
       Quarterstaff      |       |       |   117 |   502 |   158 ||   777
Invok: Draw Summoning    |       |       |     3 |     6 |     1 ||    10
       Draw Destruction  |       |       |     4 |    12 |       ||    16
       Draw Escape       |       |       |       |     3 |       ||     3
  Use: Scroll            |       |     1 |     5 |     5 |       ||    11
       Potion            |       |       |       |     3 |     1 ||     4
Armor: Scale mail        |    46 |    27 |       |       |       ||    73
       Ring mail         |       |    39 |   225 |   273 |   134 ||   671
Dodge: Dodged            |    88 |    63 |   300 |   466 |   200 ||  1117
Block: Buckler           |    23 |    15 |    86 |       |       ||   124

Table legend: (Time is in decaauts)
 A = Elapsed time spent in this place.
 B = Non-inter-level travel time spent in this place.
 C = Inter-level travel time spent in this place.
 D = Time resting spent in this place.
 E = Time spent auto-exploring this place.
 F = Levels seen in this place.
 G = Mean time per level.
                   A        B        C        D        E       F      G
               +--------+--------+--------+--------+--------+-----+--------+
         Total |  12161 |  11811 |    350 |    272 |   8443 |  14 |  868.6 |
       Dungeon |  11187 |  10837 |    350 |     49 |   8153 |  13 |  860.5 |
        Bailey |    973 |    973 |      0 |    223 |    289 |   1 |  973.0 |
               +--------+--------+--------+--------+--------+-----+--------+

Top non-repeatable levels by time:
     D:3: 1128 daAuts
     D:2: 1063 daAuts
     D:9: 1029 daAuts
     D:4: 1013 daAuts
     D:7: 998 daAuts
  Bailey: 973 daAuts
     D:1: 958 daAuts
     D:6: 941 daAuts
    D:11: 840 daAuts
    D:12: 803 daAuts
     D:5: 754 daAuts
    D:10: 685 daAuts
     D:8: 551 daAuts
    D:13: 418 daAuts
